 Dungeon Crawl Stone Soup version 0.28.0-1-gb440e238dd (webtiles) character file.

Game seed: 9811815847744992342

83 fknight the Chopper (level 4, -5/40 HPs)
             Began as a Hill Orc Monk on Feb 21, 2022.
             Slain by WaxSun's ghost (6 damage)
             ... on level 3 of the Dungeon.
             The game lasted 00:10:40 (2429 turns).

fknight the Chopper (Hill Orc Monk)                 Turns: 2429, Time: 00:10:41

Health: -5/40      AC:  8    Str: 13    XL:     4   Next: 44%
Magic:  4/4        EV:  4    Int: 10    God:
Gold:   79         SH:  7    Dex: 11    Spells: 3/3 levels left

rFire   . . .      SeeInvis .   a - +0 hand axe
rCold   + . .      Faith    .   f - +0 kite shield
rNeg    + . .      Spirit   .   k - +0 chain mail
rPois   .          Reflect  .   (no helmet)
rElec   .          Harm     .   (no cloak)
rCorr   .          Rampage  .   (no gloves)
Will    .....                   (no boots)
Stlth   ..........              (no amulet)
HPRegen 0.13/turn               g - ring of protection from cold
MPRegen 0.09/turn               r - ring of positive energy

@: no status effects
A: clumsy 1, weak 1
a: no special abilities


You were on level 3 of the Dungeon.
You visited 1 branch of the dungeon, and saw 3 of its levels.

You collected 79 gold pieces.

Inventory:

Hand Weapons
 a - a +0 hand axe (weapon)
 n - a +0 spear
Missiles
 c - 25 stones (quivered)
 d - 64 arrows
 e - 4 poisoned darts
 h - 5 atropa-tipped darts
 j - 3 javelins
 m - 24 bolts
Armour
 b - a +0 robe
 f - a +0 kite shield (worn)
 k - a +0 chain mail (worn)
Jewellery
 g - a ring of protection from cold (left hand)
 r - a ring of positive energy (right hand)
Scrolls
 i - 2 scrolls of identify
 l - a scroll of fear
 o - a scroll of summoning {unknown}
Potions
 p - a potion of flight {unknown}


   Skills:
 + Level 4.1 Fighting
 + Level 5.0 Axes
 + Level 1.1 Throwing
 + Level 0.6 Armour
 + Level 2.8 Dodging
 + Level 1.6 Stealth
 + Level 1.3 Shields


You had 3 spell levels left.
You didn't know any spells.
Your spell library was empty.

Dungeon Overview and Level Annotations

Branches:
Dungeon (3/15)

Altars:
Zin

Annotations:
D:3 WaxSun's ghost, amateur OgFE


Innate Abilities, Weirdness & Mutations

You are clumsy. (Dex -2)
You are weak. (Str -2)


Message History

You barely miss WaxSun's ghost.
WaxSun's ghost is severely damaged.
You block WaxSun's ghost's attack.
You hit WaxSun's ghost.
WaxSun's ghost is severely damaged.
WaxSun's ghost hits you.
You hit WaxSun's ghost but do no damage.
WaxSun's ghost is severely damaged.
WaxSun's ghost hits you but does no damage.
You closely miss WaxSun's ghost.
WaxSun's ghost is severely damaged.
WaxSun's ghost is no longer dazed.
WaxSun's ghost hits you. WaxSun's ghost barely misses you.
You closely miss WaxSun's ghost.
WaxSun's ghost is severely damaged.
WaxSun's ghost hits you!
* * * LOW HITPOINT WARNING * * *
You closely miss WaxSun's ghost.
WaxSun's ghost is severely damaged.
WaxSun's ghost hits you.
* * * LOW HITPOINT WARNING * * *
You writhe in agony.
* * * LOW HITPOINT WARNING * * *
You hit WaxSun's ghost.
WaxSun's ghost is severely damaged.
WaxSun's ghost hits you.
* * * LOW HITPOINT WARNING * * *
You writhe in agony.
* * * LOW HITPOINT WARNING * * *
WaxSun's ghost hits you but does no damage.
You hit WaxSun's ghost.
WaxSun's ghost is severely damaged.
You block WaxSun's ghost's attack.
You barely miss WaxSun's ghost.
WaxSun's ghost is severely damaged.
WaxSun's ghost hits you but does no damage.
You hit WaxSun's ghost.
WaxSun's ghost is almost destroyed.
WaxSun's ghost hits you.
You die...

##..#.#.#
##..#.#.#########
....#............
##..#............
.................
###.......#######
##......# ##########
####..#.#######..#.....#
.....>..........@W≈≈≈≈!#
###############..#.....#
..........# ##########
#########.#### .<#
#.....## ### #......# #
#......# # #.....♣♣ #
#......♣


You could see WaxSun's ghost.

Vanquished Creatures
  Jessica (D:2)
  An adder (D:3)
  A dart slug (D:3)
  3 ball pythons (D:2)
  5 endoplasms
  7 giant cockroaches
  6 goblins
  2 hobgoblins (D:3)
  2 quokkas
  5 bats
  2 frilled lizards
  3 kobolds (D:1)
  6 rats
44 creatures vanquished.

Vanquished Creatures (others)
  A plant (D:1)
1 creature vanquished.

Grand Total: 45 creatures vanquished

Notes
Turn   | Place    | Note
-------+----------+-------------------------------------------
     0 | D:1      | fknight the Hill Orc Monk began the quest for the Orb.
     0 | D:1      | Reached XP level 1. HP: 19/19 MP: 1/1
   146 | D:1      | Reached XP level 2. HP: 25/27 MP: 2/2
   465 | D:1      | Found a faded altar of an unknown god.
   999 | D:2      | Reached XP level 3. HP: 30/33 MP: 3/3
  1488 | D:2      | Noticed Jessica
  1494 | D:2      | Killed Jessica
  1495 | D:2      | Reached skill level 1 in Throwing
  1495 | D:2      | Reached XP level 4. HP: 37/40 MP: 4/4
  1747 | D:3      | Gained mutation: You are weak. (Str -2) [potion of
                  | mutation]
  1747 | D:3      | Gained mutation: You are clumsy. (Dex -2) [potion of
                  | mutation]
  1918 | D:3      | Reached skill level 5 in Axes
  2075 | D:3      | Reached skill level 1 in Shields
  2244 | D:3      | Found a glowing silver altar of Zin.
  2398 | D:3      | Found a runed translucent door.
  2403 | D:3      | Noticed WaxSun's ghost (amateur OgFE)
  2426 | D:3      | HP: 2/40 [WaxSun's ghost (4)]
  2429 | D:3      | Slain by WaxSun's ghost

Illustrated notes

Levels and vault maps discovered:
D:1:      eino_arrival_water_cross, layout_rooms, basic_ecumenical_altar,
          hex_intersection, minmay_misc_feat_nine_boxes
D:2:      layout_basic, uniq_jessica
D:3:      minmay_octagon_keep, layout_basic, zin_academy,
          ebering_ghost_reflecting_pool

Skill      XL: |  1  2  3  4 |
---------------+-------------+-----
Fighting       | 4 |  4.1
Throwing       | 1 |  1.1
Axes           | 5 |  5.0
Shields        | 1 |  1.3
Armour         | |  0.6
Dodging        | |  2.8
Stealth        | |  1.6

Action                   |  1- 3 |  4- 6 || total
-------------------------+-------+-------++-------
Melee: Hand axe          |    99 |    66 ||   165
Throw: Stone             |    76 |    10 ||    86
  Use: Potion            |     1 |     2 ||     3
       Scroll            |     1 |     3 ||     4
Armor: Robe              |     5 |       ||     5
       Chain mail        |    54 |    43 ||    97
Dodge: Dodged            |    20 |    13 ||    33
Block: Kite shield       |    42 |    22 ||    64
